[Event "Austrian Championship 2022"]
[Site "Vienna"]
[Date "2022.08.15"]
[Round "4.10"]
[White "Pilshofer, Paul"]
[Black "Borrmann, Laurenz"]
[Result "0-1"]
[ECO "D11"]
[WhiteElo "2223"]
[BlackElo "2274"]
[Annotator "TA"]
[PlyCount "50"]
[EventDate "2022.08.12"]
[EventType "swiss"]
[EventCountry "AUT"]
[SourceTitle "playchess.com"]
[Source "ChessBase"]
[SourceQuality "1"]
[TimeControl "40/5400+30:1800+30"]

1. Nf3 Nf6 2. g3 d5 3. Bg2 Bf5 4. d4 e6 5. O-O h6 6. c4 c6 7. Nc3 Nbd7 8. Ne5 {[%emt 0:07:02] D11: Slav Defence: 3 Nf3 sidelines and 3...Nf6 4 e3 Bg4.} Nxe5 {[%emt 0:22:58] was the old line (8...Be7).} 9. dxe5 Ng4 10. cxd5 {[%emt 0:02:38] White is slightly better.} exd5 11. Qa4 {[%emt 0:13:52] [#]} Qd7 $146 ({Predecessor:} 11... Nxe5 12. Nxd5 Bd6 13. Nc3 O-O 14. h3 Qb6 15. Ne4 Qb4 16. Qc2 Be7 17. Nf6+ Bxf6 18. Qxf5 {1-0 (58) Bogdan,D (2405)-Negulescu,A (2380) Calarasi 1995}) 12. e4 dxe4 13. Nxe4 Qe6 14. Bf4 {[%emt 0:22:46][%cal Bc1f4,Bf4d2,Bd2c3][%mdl 32] Strongly threatening Rad1.} (14. f4 h5 $11) 14... Bxe4 15. Qxe4 g5 {[%emt 0:02:13] [#]} (15... Rd8 $16 16. h3 g5) 16. Bd2 $1 $18 O-O-O 17. Bc3 h5 18. Rac1 Rd5 (18... Bc5 $142) 19. Qa4 Bc5 20. Bxd5 (20. Qc4 Bxf2+ 21. Kh1 (21. Rxf2 $2 Rd1+ 22. Be1 Rxe1+ 23. Rf1 Rxf1+ 24. Bxf1 Qxe5 $19) 21... Rd7 22. Qxe6 fxe6 $17) 20... Qxd5 21. Qb3 $2 (21. Rce1 $18) 21... Qe4 $1 $11 {[%emt 0:06:05] aiming for ...Ne3.} 22. Rce1 {[%emt 0:01:29] Inhibits Ne3.} (22. Qxf7 $11 {remains equal.} Rf8 23. Qe6+ (23. Rce1 Qd3 $11) 23... Kb8 24. Bd4 (24. Rce1 Qd3 $11) 24... Qxd4 25. Rc4 Qxb2 26. Rxc5 Rxf2 27. Qd6+ Kc8 28. Rxc6+ (28. Qe6+ Kc7 $17) 28... bxc6 29. Qxc6+ Kb8 30. Qd6+ Kb7 31. Qd7+ Kb8 32. Qd6+ Kb7 33. Qd7+ Kb8 34. Qd6+) 22... Qf3 $40 {[%emt 0:02:07][%cal Rc5f2][%mdl 128] Black is out for blood.} 23. Qc2 {[%emt 0:00:17] Hoping for e6.} h4 24. Qe2 Nxh2 {[%emt 0:00:33] ( -> ...Qxg3+). Dancing on a razor blade. 0x0.001b83eb5a90dp-1022s more active pieces.} 25. g4 {[%emt 0:00:37][%mdl 8192] [#]} Qh3 {[%emt 0:09:05] Weighted Error Value: White=0.60/Black=0.18 (very precise)} 0-1

[Event "Austrian Championship 2022"]
[Site "Vienna"]
[Date "2022.08.15"]
[Round "4.11"]
[White "Froewis, Annika"]
[Black "Ganaus, Hannes"]
[Result "1-0"]
[ECO "D00"]
[WhiteElo "2044"]
[BlackElo "2284"]
[Annotator "TA"]
[PlyCount "37"]
[EventDate "2022.08.12"]
[EventType "swiss"]
[EventCountry "AUT"]
[SourceTitle "playchess.com"]
[Source "ChessBase"]
[SourceQuality "1"]
[TimeControl "40/5400+30:1800+30"]

1. d4 d5 2. Bf4 c5 3. e3 Nc6 4. c3 Qb6 5. Qb3 c4 6. Qc2 {[%emt 0:00:32] D00: 1 d4 d5: Unusual lines.} Bf5 {[%emt 0:01:30] 6...e5 is more advanced technology.} 7. Qxf5 $16 Qxb2 {[%emt 0:00:18] [#]} 8. Qxd5 {[%emt 0:00:45][%cal Of1c4] White is better.} Qxa1 9. Qb5 {[%emt 0:00:24] White is more active.} O-O-O {[%emt 0:14:16] aiming for ...e5.} 10. Bxc4 e5 {[%emt 0:03:21][%cal Of8b4] [#] And now ...Bb4! would win.} 11. Ne2 $1 {[%emt 0:13:33] [#]} Nf6 $146 (11... exf4 12. O-O a6 13. Qb6 $16) (11... a6 $16 12. Qb6 exf4) ({Predecessor:} 11... exf4 12. O-O fxe3 13. fxe3 Nf6 14. Nd2 Qxf1+ 15. Kxf1 Bd6 16. e4 Bc7 17. h3 Nd7 {1-0 (31) Grachev,B (2640)-Gelfand,B (2720) Moscow 2008}) 12. Bxe5 $18 a6 13. Qb6 Nxe5 14. dxe5 {[%emt 0:04:31] The board is on fire.} Nd7 15. Qb3 {[%emt 0:01:15] Threatens to win with 0-0.} Nc5 (15... Nxe5 $2 16. O-O $18) (15... Ba3 $142 16. O-O (16. Bxf7 Nc5 $14) 16... Qb2 17. Nxa3 Qxb3 18. Bxb3 Nxe5) 16. Qc2 {[%emt 0:00:36] White is clearly winning.} b5 {[%emt 0:02:33] [#]} 17. O-O $1 bxc4 18. Nd2 Qxf1+ 19. Kxf1 {[%emt 0:00:22] Black did not feel at home in the position after the opening.  Weighted Error Value: White=0.01 (flawless) /Black=0.56} 1-0

[Event "Austrian Championship 2022"]
[Site "Vienna"]
[Date "2022.08.15"]
[Round "4.12"]
[White "Steindl, Johannes"]
[Black "Steiner, Bruno"]
[Result "1-0"]
[ECO "C41"]
[WhiteElo "2312"]
[BlackElo "2126"]
[Annotator "TA"]
[PlyCount "65"]
[EventDate "2022.08.12"]
[EventType "swiss"]
[EventCountry "AUT"]
[SourceTitle "playchess.com"]
[Source "ChessBase"]
[SourceQuality "1"]
[TimeControl "40/5400+30:1800+30"]

1. e4 e5 2. Nf3 d6 3. d4 exd4 4. Nxd4 Nf6 5. Nc3 Be7 6. Bf4 O-O 7. Qd2 Nc6 8. O-O-O Nxd4 9. Qxd4 Be6 10. Kb1 {[%emt 0:00:00] C41: Philidor Defence.} a6 11. Be2 (11. f3 $14) 11... b5 $11 12. Rhe1 {[%emt 0:00:00] The position is equal.} c5 13. Qe3 {[%emt 0:00:00][%cal Of4d6] [#] Strongly threatening Bxd6!} b4 $146 ({Predecessor:} 13... Qa5 14. g4 Rfe8 15. g5 b4 16. Nd5 Bxd5 17. exd5 Nxd5 18. Rxd5 Bxg5 19. Rxg5 Rxe3 20. Bxe3 {0-1 (33) Blomqvist,E (2525)-Pohjala,H (2408) Sweden 2015}) 14. Na4 {[%emt 0:00:00] Nxc5 is the strong threat.} Qc7 (14... Qa5 $5 15. b3 Rad8 $11) 15. b3 Nd7 {[%emt 0:06:17][%cal Bf6d7,Bd7e5,Be5g6][%mdl 32] Against e5} 16. Qg3 {[%emt 0:00:00][%cal Rf4d6] White is more active.} Ne5 17. Bh6 $40 {[%emt 0:00:00][%csl Gh6][%cal Rg3g7][%mdl 128] White has some attack.} Ng6 $1 18. Bg5 Bxg5 19. Qxg5 Rac8 ({Better is} 19... a5 $11) 20. Qd2 $14 Rfd8 ({Weaker is} 20... c4 21. Qxd6 cxb3 22. cxb3 $16) 21. f4 $1 {[%emt 0:00:00][%cal Bf2f4,Bf4f5][%mdl 32] Hoping for f5.} d5 22. f5 $1 dxe4 23. Qg5 h6 24. Qg4 Bd7 {[%emt 0:03:43] [#] A mistake that costs the game.} (24... Rxd1+ $1 $14 25. Rxd1 Bd7) 25. Rxd7 $1 $18 Qxd7 26. fxg6 f5 27. Qh4 Qd6 {[%emt 0:04:44] Inhibits Nb6.} 28. g4 Qxg6 (28... f4 $142 29. g5 (29. Bc4+ Kh8 $18) 29... Qxg6) 29. gxf5 Qxf5 30. Bg4 {[%emt 0:00:00][%mdl 64] [#] Skewer} Qf8 31. Bxc8 {[%emt 0:00:00] White is clearly winning.} Rxc8 32. Qxe4 c4 33. Nb6 {[%emt 0:00:00] Weighted Error Value: White=0.05 (flawless) /Black=0.41} 1-0

[Event "Austrian Championship 2022"]
[Site "Vienna"]
[Date "2022.08.15"]
[Round "4.13"]
[White "Trkulja, Zoran"]
[Black "Schroll, Gerhard"]
[Result "0-1"]
[ECO "B03"]
[WhiteElo "2111"]
[BlackElo "2281"]
[Annotator "TA"]
[PlyCount "74"]
[EventDate "2022.08.12"]
[EventType "swiss"]
[EventCountry "AUT"]
[SourceTitle "playchess.com"]
[Source "ChessBase"]
[SourceQuality "1"]
[TimeControl "40/5400+30:1800+30"]

1. e4 Nf6 2. e5 Nd5 3. d4 d6 4. Bc4 Nb6 5. Bb3 Bf5 6. Qf3 Qc8 7. exd6 {[%emt 0:11:41] B03: Alekhine's Defence: Four Pawns Attack.} ({Reject} 7. Qh5 e6 $11) 7... cxd6 8. Ne2 Nc6 9. Nbc3 {[%emt 0:06:46] [#] White is slightly better.} d5 $146 (9... g6 $14) ({Predecessor:} 9... Nb4 10. Kd1 e6 11. g4 Bg6 12. Nf4 Nc6 13. Be3 Na5 14. h4 Nxb3 15. axb3 f6 16. Nxg6 hxg6 {1-0 (32) Kristovic,M (2285)-Raguz,D (2180) Zagreb 2012}) 10. Nxd5 $16 Nxd5 11. Bxd5 e6 12. Bxc6+ (12. Bb3 $142) 12... Qxc6 13. Qxc6+ bxc6 14. c3 Be7 15. Bf4 g5 16. Bg3 Kd7 (16... Rg8 $14) 17. h4 h6 18. hxg5 hxg5 19. Rxh8 (19. Kd2 {with more complications.} g4 20. f3 Rag8 21. Bf4) 19... Rxh8 20. Kd2 Be4 21. f3 Bd5 22. Rf1 f6 23. b3 {[%emt 0:05:22] [#] And now c4 would win.} c5 $1 24. c4 Bb7 25. Kc3 {[%emt 0:09:17] Threatening Rd1.} cxd4+ 26. Nxd4 {[%emt 0:00:06] With the idea Rd1.} ({Much worse is} 26. Kxd4 e5+ 27. Kd3 g4 $15) 26... e5 27. Nc2 g4 28. fxg4 Bxg2 29. Rg1 Be4 30. Re1 Bg6 31. Ne3 Rh3 32. Bf2 a5 {[%emt 0:02:14] [#] White must now prevent ...Bb4+.} 33. c5 $2 {[%emt 0:00:53] Now White is beyond hope.} (33. Rd1+ $1 $11 {and White stays safe.} Ke6 34. Kd2) 33... Bxc5 $19 34. Kc4 (34. Rd1+ {is a better defense.} Ke6 35. Kd2) 34... Bb4 {[%emt 0:02:21] This bishop pair is nice.} 35. Re2 (35. Rc1) 35... Kc6 {[%emt 0:02:47] Hoping for ...Rf3.} 36. a3 (36. Be1 $142 Bc5 37. Bd2) 36... Bxa3 37. Nf5 Bf7# {[%emt 0:00:15] Weighted Error Value: White=0.71/Black=0.25 (precise)} 0-1

[Event "Austrian Championship 2022"]
[Site "Vienna"]
[Date "2022.08.15"]
[Round "4.14"]
[White "Sandhoefner, Florian"]
[Black "Kienboeck, Benjamin"]
[Result "1/2-1/2"]
[ECO "B18"]
[WhiteElo "2289"]
[BlackElo "2151"]
[Annotator "TA"]
[PlyCount "106"]
[EventDate "2022.08.12"]
[EventType "swiss"]
[EventCountry "AUT"]
[SourceTitle "playchess.com"]
[Source "ChessBase"]
[SourceQuality "1"]
[TimeControl "40/5400+30:1800+30"]

1. e4 c6 2. d4 d5 3. Nc3 dxe4 4. Nxe4 Bf5 5. Ng3 Bg6 6. Nh3 Nd7 {[%emt 0:08:11] Recently 6...Nf6 got a lot of attention.} 7. Nf4 {[%emt 0:00:45] B18: Classical Caro-Kann: 4...Bf5 sidelines.} e5 8. Nxg6 hxg6 9. c3 Ngf6 10. Be3 Nd5 {[%emt 0:01:52] [#]} 11. Qd2 $146 ({Predecessor:} 11. Bc4 Nxe3 12. fxe3 Qh4 13. Qf3 f6 14. O-O-O O-O-O 15. Be6 Qg5 16. h4 Rxh4 17. Ne4 {1-0 (29) Kashtanov,R (2322)-Goganov,A (2581) St Petersburg 2013}) 11... Nxe3 (11... f5 $5 12. dxe5 Nxe5 $14) 12. Qxe3 Qb6 13. O-O-O O-O-O 14. Bc4 exd4 15. cxd4 f5 16. Bf7 c5 17. d5 (17. Kb1 $11 {remains equal.}) 17... Bd6 $17 18. Qe6 (18. f4 $17 {is a better defense.}) 18... Rdf8 (18... Kb8 $19 {White must now prevent ...Rhf8.} 19. Kb1 c4) 19. h4 (19. Qxg6 $2 Rh6 20. Qxf5 Be5 $19) (19. Bxg6 $2 Rf6 20. Qe2 Rxg6 $19) (19. Kb1 $17) 19... Rxf7 $2 20. Qxf7 $11 Be5 $1 {[%emt 0:00:14][%csl Ge5][%cal Rb6b2] [#]} 21. Rd2 {[%emt 0:04:30] aiming for Rc2.} Rf8 22. Qe6 {[%emt 0:01:05] Re2 is the strong threat.} Bf4 $132 {[%emt 0:00:44][%mdl 2048] Black is fighting back} 23. Rhd1 Qxe6 24. dxe6 Nf6 {[%emt 0:00:19] [#]} 25. Ne2 $1 Bxd2+ 26. Rxd2 {[%emt 0:00:01][%mdl 4096] Endgame KRN-KRN} ({Don't play} 26. Kxd2 Rd8+ 27. Ke1 Rxd1+ 28. Kxd1 Nd5 $15) 26... Kc7 27. Nf4 Re8 28. f3 Kc6 29. Kc2 Nh5 30. Nxh5 gxh5 {[%emt 0:00:08] KR-KR} 31. g4 fxg4 32. fxg4 hxg4 33. Rg2 Re7 34. Rxg4 Kd6 35. h5 b6 36. Rg6 Ke5 37. h6 gxh6 38. Rxh6 Rxe6 39. Rh7 a5 40. Kc3 Kd5 41. Rh5+ Kc6 42. a4 Re3+ 43. Kc2 Re4 44. Kb3 Rb4+ 45. Ka3 Rd4 46. Kb3 Rb4+ 47. Ka3 c4 48. Rh3 {[%emt 0:00:00] The position is equal.} b5 49. Rh6+ Kd7 50. Rh7+ Ke6 51. Rh6+ Kf7 52. axb5 Rxb5 53. Rc6 Rb4 {[%emt 0:00:30] Weighted Error Value: White=0.17 (very precise) /Black=0.20 (precise)} 1/2-1/2

[Event "Austrian Championship 2022"]
[Site "Vienna"]
[Date "2022.08.15"]
[Round "4.15"]
[White "Kruckenhauser, Arthur"]
[Black "Mayrhuber, Nikola"]
[Result "1-0"]
[ECO "B51"]
[WhiteElo "2303"]
[BlackElo "2141"]
[Annotator "TA"]
[PlyCount "101"]
[EventDate "2022.08.12"]
[EventType "swiss"]
[EventCountry "AUT"]
[SourceTitle "playchess.com"]
[Source "ChessBase"]
[SourceQuality "1"]
[TimeControl "40/5400+30:1800+30"]

1. e4 c5 2. Nf3 d6 3. Bb5+ Nd7 4. a4 Ngf6 5. Nc3 g6 6. a5 {[%emt 0:00:00] B51: Sicilian: Moscow Variation (3 Bb5+) without 3...Bd7.} Bg7 7. O-O O-O 8. Re1 {[%emt 0:00:00] The position is equal.} a6 9. Bf1 {[%emt 0:00:00] [#]} Qc7 $146 ({Predecessor:} 9... b5 10. axb6 Qxb6 11. d3 Bb7 12. h3 a5 13. Nd2 Bc6 14. Nc4 Qc7 15. Bf4 a4 {0-1 (113) So,W (2778)-Martinez Alcantara,J (2598) Chess.com INT 2022}) 10. d3 Re8 11. Bg5 e6 12. Qc1 Ng4 13. h3 Nge5 14. Nd2 h6 15. Be3 g5 16. Be2 Nf8 17. h4 Qd8 (17... gxh4 $14 18. Nb3 Kh7) 18. hxg5 $16 hxg5 19. Nf1 (19. Nf3 $16) 19... Bh6 ({Better is} 19... Nh7 $1 $14) 20. Na4 Nfg6 21. Nb6 Rb8 22. g3 (22. Qd2 $16) 22... Qf6 {[%emt 0:01:56] [#] Loses the game.} (22... f5 $14) 23. Nh2 $1 $18 Kg7 24. c3 {[%emt 0:00:00] d4 is the strong threat.} ({Don't play} 24. Ng4 $6 Nxg4 25. Bxg4 Ne5 $16) 24... Nf4 25. Qd1 ({Worse is} 25. gxf4 gxf4 26. Bd2 Rh8 $11) 25... Nxe2+ 26. Qxe2 Rh8 (26... Qg6 $142 27. d4 Nd7) 27. d4 Nd7 28. Ng4 Qg6 29. dxc5 Nxc5 $2 {[%emt 0:01:09] [#]} (29... Nxb6 30. axb6 e5 31. cxd6 Bxg4 32. Qxg4 Qxd6) 30. Bxc5 dxc5 31. e5 Rf8 32. Rad1 Kh8 33. Nf6 Bg7 34. Nfd7 Bxd7 35. Nxd7 g4 36. Qe4 Qh5 37. Qh1 Qxh1+ 38. Kxh1 Kh7 39. Nxb8 Rxb8 {[%emt 0:00:03][%mdl 4096] Endgame KRR-KRB} 40. Rd7 b6 (40... Kg8 $142 41. Rc7 b6 42. axb6 Rxb6) 41. Rxf7 bxa5 42. Re2 Kg6 43. Rf4 Kg5 44. Ree4 Rb7 (44... Bh6 $142 45. Kg2 Rxb2) 45. Rxg4+ {[%emt 0:00:00] White is clearly winning.} Kf5 46. Rgf4+ Kg5 47. Kg2 Bh8 48. Re2 Bg7 49. Ra4 Rb5 50. c4 Rb4 51. Rxb4 {[%emt 0:00:00] Weighted Error Value: White=0.33/Black=0.39} (51. f4+ $142 Kg4 52. Rxa5) 1-0

[Event "Austrian Championship 2022"]
[Site "Vienna"]
[Date "2022.08.15"]
[Round "4.16"]
[White "Teuschler, Barbara"]
[Black "Hechl, Gerald"]
[Result "1-0"]
[ECO "C10"]
[WhiteElo "2097"]
[BlackElo "2222"]
[Annotator "TA"]
[PlyCount "77"]
[EventDate "2022.08.12"]
[EventType "swiss"]
[EventCountry "AUT"]
[SourceTitle "playchess.com"]
[Source "ChessBase"]
[SourceQuality "1"]
[TimeControl "40/5400+30:1800+30"]

1. e4 e6 2. d4 d5 3. Nc3 h6 4. Nf3 Nf6 5. Bd3 Bb4 6. e5 {[%emt 0:00:18] C10: French with 3 Nc3: Unusual Black 3rd moves and 3...dxe4.} (6. exd5 $142 exd5 7. O-O) 6... Ne4 $1 $11 7. Bd2 Nxd2 8. Qxd2 {[%emt 0:00:06] The position is equal.} c5 9. a3 Bxc3 10. bxc3 Nc6 11. O-O Qa5 (11... c4 $5 12. Be2 Rb8 $11) 12. Rfd1 {[%emt 0:16:35] [#]} g5 $146 (12... cxd4 $11 13. cxd4 (13. Nxd4 Nxe5 14. Qf4 f6 $17) 13... Qxd2 14. Rxd2 Bd7) ({Predecessor:} 12... cxd4 13. cxd4 Qxd2 14. Rxd2 Na5 15. Rb1 Bd7 16. Rb4 Rc8 17. Rd1 Rc3 18. Ra1 Ke7 {0-1 (61) Daub,W-Meyer,S (2191) Germany 2012}) 13. dxc5 $14 Qxc5 14. h3 (14. c4 $14) 14... Qa5 (14... Na5 $11) 15. a4 Bd7 16. Rdb1 Qc7 17. c4 dxc4 18. Bxc4 Na5 (18... Nxe5 $11 19. Nxe5 Qxe5) 19. Bb5 {[%emt 0:03:37] And now Bxd7+ would win.} b6 20. Qb4 Bxb5 21. axb5 Rc8 22. Qe1 {[%emt 0:07:30] White is more active.} (22. Rd1 $16) 22... O-O (22... Qc3 $5 ) 23. h4 $36 {[%emt 0:00:54][%mdl 2048] White is pushing.} Qxc2 (23... g4 $5 24. Nh2 h5 $11) 24. hxg5 Qg6 {[%emt 0:02:10] White stays focused until the end.} (24... Nb3 $14) 25. Rb4 $16 {[%emt 0:01:12] gxh6 is the strong threat.} h5 {[%emt 0:01:19] [#]} (25... hxg5 $2 26. Rg4 f6 27. exf6 Qxf6 28. Nxg5 $18) 26. Rf4 ({White should play} 26. Nd2 $1 $18) 26... Rc2 $2 (26... Nb3 $16) 27. Rf6 $18 Qd3 28. Rd1 Qc4 (28... Qe2 29. Qxe2 Rxe2) 29. Qe3 $2 (29. g6 {Threatening mate with Qe3.} Re2 30. gxf7+ Kg7 31. Qf1) 29... Re2 {[%emt 0:02:28] [#]} 30. Qd4 (30. Qa3 $1 $18 {is the precise move to win.}) 30... Re4 $2 (30... Qxd4 $16 31. Rxd4 Nb3) 31. Qd7 {[%emt 0:00:01] White threatens g6 and mate.} Rg4 32. g6 {[%emt 0:00:47][%cal Rd7f7] White wants to mate with Qxf7+!} Qc8 33. gxf7+ {[%emt 0:00:23] White mates.} Kg7 34. Qd2 Rxf7 35. Qh6+ Kg8 36. Rxf7 Kxf7 37. Qxh5+ Rg6 38. Nh4 Qc2 39. Nxg6 {[%emt 0:00:23] Weighted Error Value: White=0.46/Black=0.70} 1-0

[Event "Austrian Championship 2022"]
[Site "Vienna"]
[Date "2022.08.15"]
[Round "4.17"]
[White "Dotzer, Lukas"]
[Black "Lerch, Johannes"]
[Result "1/2-1/2"]
[ECO "C45"]
[WhiteElo "2269"]
[BlackElo "2222"]
[Annotator "TA"]
[PlyCount "114"]
[EventDate "2022.08.12"]
[EventType "swiss"]
[EventCountry "AUT"]
[SourceTitle "playchess.com"]
[Source "ChessBase"]
[SourceQuality "1"]
[TimeControl "40/5400+30:1800+30"]

1. e4 e5 2. Nf3 Nc6 3. d4 exd4 4. Nxd4 Nf6 5. Nxc6 bxc6 6. e5 Qe7 7. Qe2 Nd5 8. c4 Nb6 9. Nd2 d6 10. exd6 {[%emt 0:05:58] C45: Scotch Game.} (10. Nf3 {is more complex.} Be6 11. Bg5 Qd7 12. exd6 Bxd6 13. O-O-O) 10... Qxe2+ 11. Bxe2 cxd6 12. O-O {[%emt 0:11:16] [#] White is slightly better.} (12. Bf3 $5 d5 13. O-O $14) 12... Be6 $146 ({Predecessor:} 12... Be7 13. Bf3 d5 14. Re1 Be6 15. cxd5 cxd5 16. Nb3 Bf6 17. Nc5 O-O 18. Nxe6 fxe6 19. Rxe6 {0-1 (42) Lederle,V (2242)-Jell,K (2231) Germany 2015}) 13. b3 Be7 14. Bb2 O-O 15. f4 Rad8 (15... d5 $11) 16. f5 $14 Bc8 17. f6 Bxf6 18. Bxf6 gxf6 19. Rxf6 Be6 20. Ne4 Nd7 {[%emt 0:06:56] And now ...d5 would win.} 21. Rh6 $36 {[%emt 0:05:13][%mdl 2048] White is more active.} Kg7 22. Rh5 (22. Rh4 $5 ) 22... d5 23. cxd5 cxd5 24. Ng5 {[%emt 0:02:29] 0x0.00144d69a761dp-1022s more active pieces.} (24. Ng3 $14) 24... h6 25. Nf3 Nf6 26. Re5 Ng4 {[%emt 0:00:57] [#]} (26... Rc8 $14) 27. Rxe6 $1 $16 fxe6 28. Nd4 $1 {[%emt 0:00:05][%csl LRe6,LRg4][%mdl 64] Discovered Attack} Nf6 {[%emt 0:08:31] Threatens to win with ...Rde8.} 29. Nxe6+ Kf7 30. Nxd8+ Rxd8 {[%emt 0:00:01][%mdl 4096] Endgame KRB-KRN} 31. Kf2 Rc8 32. Bd3 Ng4+ 33. Kf3 (33. Kg3 $16 Rg8 34. Rf1+ Ke7 35. Kh3) 33... Ne5+ (33... Rg8 $1 $11 {remains equal.}) 34. Ke3 Ke6 35. Kd2 (35. Rd1 $14) 35... Nxd3 36. Kxd3 $11 {[%emt 0:00:09] KR-KR} Rf8 37. Re1+ Kd6 38. Re2 a5 39. g3 Rf1 {[%emt 0:03:55] The position is equal.} 40. Rg2 Ke5 41. Re2+ Kd6 42. Ke3 Ke5 43. Rc2 Ra1 44. Rg2 Rc1 45. h4 h5 46. g4 hxg4 47. Rxg4 Rc3+ 48. Kd2 Rh3 49. Rg5+ Kd4 50. Rg4+ Ke5 51. Ra4 d4 52. Rxa5+ Ke4 53. Rg5 Rh2+ 54. Kd1 Rxa2 55. Rg4+ Kd5 56. Rg5+ Ke4 57. Rg4+ Kd5 {[%emt 0:01:50] Weighted Error Value: White=0.14 (very precise) /Black=0.15 (very precise)} 1/2-1/2

[Event "Austrian Championship 2022"]
[Site "Vienna"]
[Date "2022.08.15"]
[Round "4.18"]
[White "Sadilek, Maximilian"]
[Black "Ernst, Robert"]
[Result "1-0"]
[ECO "D02"]
[WhiteElo "2230"]
[BlackElo "2001"]
[Annotator "TA"]
[PlyCount "65"]
[EventDate "2022.08.12"]
[EventType "swiss"]
[EventCountry "AUT"]
[SourceTitle "playchess.com"]
[Source "ChessBase"]
[SourceQuality "1"]
[TimeControl "40/5400+30:1800+30"]

1. Nf3 c5 2. g3 Nc6 3. Bg2 Nf6 4. O-O e6 5. b3 Be7 6. Bb2 d5 7. d4 O-O 8. Nbd2 Qc7 {[%emt 0:09:48] D02: 1 d4 d5 2 Nf3 sidelines, including 2...Nf6 3 g3 and 2...Nf6 3 Bf4.} (8... Nxd4 {feels stronger.} 9. Nxd4 cxd4) 9. e3 cxd4 10. exd4 Nb4 {[%emt 0:10:09] [#] The position is equal.} 11. c4 $146 ({Predecessor:} 11. Ne1 b6 12. a3 Nc6 13. Nd3 Ba6 14. Qf3 Nxd4 15. Bxd4 Qxc2 16. Bxf6 Bxf6 17. Nb4 Qxd2 18. Ra2 Qxa2 19. Nxa2 Bxf1 20. Bxf1 {1-0 (20) Jeremic,M (2153)-Cukic,J (1710) Belgrade 2014}) 11... dxc4 (11... Nd3 $11) 12. bxc4 $14 Rd8 13. Qe2 (13. a3 $5 Nc6 14. Re1 $14) 13... b6 14. a3 Nc6 15. Rac1 Bb7 16. Rfd1 Rac8 ({Black should play} 16... Qd6 $14) 17. Nf1 (17. d5 $16) 17... Na5 18. Ne3 (18. d5 $1 $14) 18... Ba6 19. Ne5 Nd7 (19... Bd6 $1 $11) 20. Nxd7 {[%emt 0:07:37] White is more active.} (20. Nxf7 {is more complex.} Kxf7 21. Nd5 Qd6 22. Qh5+) 20... Rxd7 (20... Qxd7 $14 21. d5 Nb3) 21. d5 $18 e5 22. Bh3 f6 {[%emt 0:00:49] [#]} (22... Bc5 $16 23. Bxe5 Qxe5) 23. Be6+ $1 Kh8 24. Qg4 Rdd8 (24... Rcd8 25. Bxd7 (25. Nf5 Bc5 $16) 25... Rxd7) 25. Nf5 Bf8 {[%emt 0:00:11] [#]} (25... Bd6 26. c5 bxc5) 26. Nh6 $1 g6 (26... Nxc4 27. Rxc4) 27. Nf7+ Kg7 28. Nxd8 $2 (28. Qh4 $18 {Threatening mate with Qh6+.} Re8 29. d6 Bxd6 30. Qh6+ (30. Rxd6 Rxe6 31. Qh6+ Kg8 $17) 30... Kg8 31. Bd5 (31. Nxd6+ Rxe6 32. Nxc8 Qxc8 $14)) 28... Rxd8 $16 29. f4 {[%emt 0:01:31] aiming for fxe5.} Bc5+ 30. Kg2 ({White should try} 30. Kh1 $16 {Threatens to win with fxe5.} exf4 31. Qh4 (31. Qxf4 Qxf4 32. gxf4 Bd6 $14) (31. gxf4 Nxc4 32. Bd4 Bxd4 $16)) 30... Nxc4 {[%emt 0:00:14][%mdl 8192] [#]} (30... exf4 $14 31. Qh4 (31. gxf4 Nxc4 32. Rxc4 Bxc4 $11) (31. Qxf4 Qxf4 32. gxf4 Bd6 $14) 31... Rf8) 31. Rxc4 $1 $18 {[%emt 0:00:33][%cal Of4e5][%mdl 512] Strongly threatening fxe5! White is clearly winning.} Bxc4 (31... h5 32. Qe2) 32. fxe5 {[%emt 0:00:07][%mdl 64] Discovered Attack} fxe5 33. Qxc4 {[%emt 0:04:34] Weighted Error Value: White=0.54/Black=0.62} 1-0

[Event "Austrian Championship 2022"]
[Site "Vienna"]
[Date "2022.08.15"]
[Round "4.19"]
[White "Wagner, Leopold Franziskus"]
[Black "Albadri Abd Al Sattar"]
[Result "1/2-1/2"]
[ECO "A48"]
[WhiteElo "2080"]
[BlackElo "2161"]
[Annotator "TA"]
[PlyCount "43"]
[EventDate "2022.08.12"]
[EventType "swiss"]
[EventCountry "AUT"]
[SourceTitle "playchess.com"]
[Source "ChessBase"]
[SourceQuality "1"]
[TimeControl "40/5400+30:1800+30"]

1. d4 Nf6 2. Nf3 g6 3. Bg5 Bg7 4. Nbd2 h6 5. Bxf6 exf6 6. e4 {[%emt 0:04:49] A48: 1 d4 Nf6 2 Nf3 g6: Torre, London and Colle Systems.} O-O 7. Bc4 d6 8. O-O {[%emt 0:00:29] [#]} Nc6 $146 ({Predecessor:} 8... f5 9. exf5 Bxf5 10. c3 Nd7 11. Re1 c6 12. Nf1 b5 13. Bd3 Bxd3 14. Qxd3 Nb6 {0-1 (32) Scalise,L (2139)-Liascovich,L (2209) Buenos Aires 2000}) 9. c3 f5 10. exf5 Bxf5 11. Re1 a6 12. Nf1 Qf6 13. Ne3 Rae8 14. Nxf5 Qxf5 15. Bd3 Rxe1+ 16. Nxe1 Qd7 (16... Qe6 $11 {remains equal.}) 17. Nc2 (17. Qb3 $16) 17... Re8 {[%emt 0:00:48] The position is equal.} 18. Qd2 Ne7 19. Re1 Nd5 20. Be4 Nf6 21. Bf3 c6 22. Rxe8+ {[%emt 0:00:14] Weighted Error Value: White=0.07 (flawless) /Black=0.11 (very precise)} 1/2-1/2